Cogmind - Beta 16 @@@ ROGUE MODE // 2025.10.26 @ 02:33:11 Player: delto Result: Self-destructed Performance ------------- Evolutions (1) 500 Regions Visited (3) 600 Robots Destroyed (12) 60 Value Destroyed (237) 237 Prototype IDs (0) 0 Alien Tech Used (0) 0 Bonus (0) 0 TOTAL SCORE: 1397 Bonus ------- None Cogmind --------- Core Integrity 367/400 Matter 281/300 Energy 24/250 System Corruption 0% Temperature Cool (12) Movement Rolling (80) Location -9/Materials Parts ------- > --- POWER (1) -------- Ion Engine > --- PROPULSION (2) --- Wheel Wheel > --- UTILITY (4) ------ Heat Sink Seismic Detector Improved Targeting Computer > --- WEAPON (2) ------- Beam Rifle Beam Rifle > --- INVENTORY (5) ---- Ion Engine Ion Engine Ion Engine Mining Laser Peak State ------------ > --- POWER ------------ Light Ion Engine > --- PROPULSION ------- Wheel Compact Wheel > --- UTILITY ---------- Heat Sink Weight Redist. System Signal Interpreter Improved Targeting Computer > --- WEAPON ----------- Beam Rifle Beam Rifle > --- INVENTORY -------- Light Ion Engine Seismic Detector [Rating: 13] Favorites ----------- Power Light Ion Engine Engine Light Ion Engine Propulsion Wheel Treads Light Treads Wheel Wheel Utility Improved Targeting Computer Device Weight Redist. System Storage Small Storage Unit Processor Improved Targeting Computer Weapon Beam Rifle Energy Gun Beam Rifle Build | -11 -10 -10 -9 ------- Run | Yrd Mat Min Mat Slots Evolved 2 | . . . 2 Power . | . . . . Propulsion . | . . . . Utility 2 | . . . 2 Weapon . | . . . . Parts Attached 18 | 7 6 1 4 Power 2 | 1 . . 1 Engine 2 | 1 . . 1 Core . | . . . . Reactor . | . . . . Propulsion 5 | 2 2 . 1 Treads 2 | 1 1 . . Leg . | . . . . Wheel 3 | 1 1 . 1 Hover . | . . . . Flight . | . . . . Utility 6 | 2 2 . 2 Device 3 | 1 1 . 1 Storage 1 | 1 . . . Processor 2 | . 1 . 1 Hackware . | . . . . Protection . | . . . . Artifact . | . . . . Weapon 5 | 2 2 1 . Energy Gun 5 | 2 2 1 . Energy Cannon . | . . . . Ballistic Gun . | . . . . Ballistic Cannon . | . . . . Launcher . | . . . . Special Weapon . | . . . . Impact Weapon . | . . . . Slashing Weapon . | . . . . Piercing Weapon . | . . . . Special Melee Weapon . | . . . . Unidentified Prototypes . | . . . . Parts Lost 3 | . . 1 2 Power . | . . . . Propulsion 1 | . . . 1 Utility 1 | . . . 1 Weapon 1 | . . 1 . Highest Loss Streak 2 | . . 1 2 To Critical Strikes . | . . . . Average Backups 4 | 2 6 4 2 Power 1 | . 1 1 2 Propulsion . | . 2 . . Utility 1 | . 2 2 . Weapon . | . 1 . . Tool/Special . | . . . . Unused Backups 6 | . 2 . 4 Power 4 | . . . 4 Propulsion . | . . . . Utility . | . . . . Weapon 2 | . 2 . . Tool/Special . | . . . . Average Slot Usage (%) 98 | . 99 98 96 Engine 13 | . 14 14 11 Treads 6 | . 13 . . Wheel 19 | . 14 28 20 Device 12 | . 3 14 30 Storage 6 | . 14 . . Processor 11 | . 10 14 11 Energy Gun 26 | . 28 27 22 Peak Build Rating 13 | 7 11 11 13 Average Rating 9 | 5 9 10 12 On Entrance 7 | . 7 11 11 Avg Prop Armor Cover (%) 14 | 14 13 . . Naked Turns . | . . . . Heaviest Build 15 | 13 15 9 13 Greatest Support 32 | 10 32 32 32 Greatest Overweight (x) 1 | 1 1 . . Average Overweight (x) . | . . . . Largest Inventory Capacity 8 | 8 8 5 5 Average Capacity 6 | 6 7 5 5 Most Carried 7 | 5 7 5 4 Average Carried 4 | 2 6 4 2 Final Capacity 8 | 8 5 5 5 Final Carried 5 | 5 4 4 4 Class Distribution -------------------- 100% | Mutant Dominant Class ---------------- Mutant | -10/Materials Mutant | -10/Mines Mutant | -9/Materials Resources | -11 -10 -10 -9 ----------- Run | Yrd Mat Min Mat Matter Collected 420 | 198 70 131 21 Remotely . | . . . . Salvage Created 287 | 21 89 127 50 Parts 28 | 3 13 8 4 Haulers Intercepted . | . . . . Recyclers Shooed . | . . . . Parts Field Recycled . | . . . . Retrieved Matter . | . . . . Parts Self-Destructed . | . . . . Prevented . | . . . . Parts Restored . | . . . . Kills | -11 -10 -10 -9 ------- Run | Yrd Mat Min Mat Combat Hostiles Destroyed 8 | . 4 4 . Guns 8 | . 4 4 . Classes Destroyed 4 | 1 2 1 . Tunneler 2 | 1 . . 1 Watcher 2 | . 1 . 1 Swarmer 6 | . 4 2 . Grunt 2 | . . 2 . Best Kill Streak 3 | 1 3 2 1 Combat Bots Only 3 | . 3 2 . Max Kills in Single Turn 1 | 1 1 1 1 Gunslinging . | . . . . Exploded . | . . . . Melee . | . . . . Uniques/NPCs Destroyed . | . . . . Combat | -11 -10 -10 -9 -------- Run | Yrd Mat Min Mat Hostile Shots Fired 58 | . 24 20 14 Missed 13 | . 5 2 6 Hits 45 | . 19 18 8 Projectile 45 | . 19 18 8 Damage Taken 455 | . 149 178 128 Core 112 | . 26 53 33 Absorbed by Shields . | . . . . Core Remaining (%) 84 | 100 . 68 . Volleys Fired 29 | 1 10 9 9 Largest 2 | 2 2 2 2 Hottest 112 | 100 112 112 112 Shots Fired 58 | 2 20 18 18 Gun 58 | 2 20 18 18 Cannon . | . . . . Launcher . | . . . . Special . | . . . . Kinetic . | . . . . Thermal 58 | 2 20 18 18 Explosive . | . . . . Electromagnetic . | . . . . Robot Hit Streak 8 | 2 3 8 7 Robot Miss Streak 5 | . 5 2 1 Penetration Max . | . . . . Secondary Targets 1 | . 1 . . Max Gunslinging Chain 1 | . 1 . . Shots Hit Robots 36 | 2 9 11 14 Core Hits 17 | 1 6 7 3 Critical Kills . | . . . . Critical Parts Destroyed . | . . . . Critical Strikes 2 | . . 2 . Burn 2 | . . 2 . Melee Attacks . | . . . . Impact . | . . . . Slashing . | . . . . Piercing . | . . . . Sneak Attacks . | . . . . Combat Hostiles . | . . . . Follow-up Attacks . | . . . . Damage Inflicted 544 | 25 171 159 189 Guns 514 | 25 141 159 189 Cannons . | . . . . Explosions 30 | . 30 . . Melee . | . . . . Ramming . | . . . . Kinetic . | . . . . Thermal 514 | 25 141 159 189 Explosive . | . . . . Electromagnetic 30 | . 30 . . Impact . | . . . . Slashing . | . . . . Piercing . | . . . . Highest Corruption . | . . . . Average Corruption . | . . . . Corruption Purged . | . . . . Corruption Blocked . | . . . . Overload Shots . | . . . . Overflow Damage . | . . . . Projectiles . | . . . . Explosions . | . . . . Melee . | . . . . Knockbacks . | . . . . Impact . | . . . . Kinetic . | . . . . Secondary . | . . . . Self-Inflicted Damage . | . . . . Shots . | . . . . Rammed . | . . . . Targets Rammed . | . . . . Kicked . | . . . . Crushed . | . . . . Highest Temperature 357 | 39 357 249 24 Average Temperature 104 | 24 143 121 12 Received Heat Transfer 72 | . . 45 27 Effects 1 | . 1 . . Matter Decay 1 | . 1 . . Siege Activations . | . . . . Martial Activations . | . . . . Shielding Activations . | . . . . Robots Disrupted . | . . . . Combat Hostiles . | . . . . Robots Corrupted . | . . . . Combat Hostiles . | . . . . Parts Fried . | . . . . Impact Corruptions . | . . . . Robots Melted . | . . . . Combat Hostiles . | . . . . Parts Melted 5 | 2 1 1 1 Heat Transferred 1480 | 74 370 555 481 Parts Sabotaged . | . . . . Parts Stolen . | . . . . Parts Stripped . | . . . . Power Chain Reactions . | . . . . Alert | -11 -10 -10 -9 ------- Run | Yrd Mat Min Mat Maximum Alert Level . | . . . . Low Security (%) 100 | 100 100 100 100 Level 1 . | . . . . Level 2 . | . . . . Level 3 . | . . . . Level 4 . | . . . . Level 5 . | . . . . High Security . | . . . . Max Security . | . . . . Peak Influence 94 | 5 77 94 40 Initial 28 | . . 14 28 Average 38 | 1 38 66 27 Influence Increases 289 | 5 127 130 27 Destroy 0b10 Robot/C 160 | . 80 80 . Destroy 0b10 Robot/NC 20 | 5 5 . 10 Destroy Leader 34 | . 12 20 2 Disable Machine 75 | . 30 30 15 Influence Decreases 284 | 5 90 93 96 Entered New Map 69 | . . 23 46 Time Decay 185 | 5 90 60 30 Lost Part 30 | . . 10 20 Squads Dispatched 1 | . 1 . . Investigation . | . . . . Extermination . | . . . . Reinforcement 1 | . 1 . . Assault . | . . . . Garrison . | . . . . Intercept . | . . . . Searches Triggered . | . . . . Construction Impeded . | . . . . Haulers Reinforced . | . . . . Active Scanning Responses . | . . . . Cargo Convoy Interrupts . | . . . . Stealth | -11 -10 -10 -9 --------- Run | Yrd Mat Min Mat Distress Signals 2 | . 1 . 1 Communications Jammed . | . . . . Distress Signals . | . . . . Times Spotted 14 | . 6 4 4 Peak Tracking Total 3 | . 3 3 3 Tactical Retreats . | . . . . Traps | -11 -10 -10 -9 ------- Run | Yrd Mat Min Mat Traps Triggered . | . . . . Indirectly . | . . . . Trap Hack Attempts . | . . . . Triggered . | . . . . Disarmed . | . . . . Reprogrammed . | . . . . Reused . | . . . . Traps Extracted . | . . . . Installed . | . . . . Triggered . | . . . . Machines | -11 -10 -10 -9 ---------- Run | Yrd Mat Min Mat Machines Disabled 5 | . 2 2 1 Max in Single Turn 1 | . 1 1 1 Machines Repaired . | . . . . Machines Dismantled . | . . . . Machines Sabotaged . | . . . . Overloaded Fab Kills . | . . . . Hacking | -11 -10 -10 -9 --------- Run | Yrd Mat Min Mat Machines Accessed . | . . . . Terminals . | . . . . Fabricators . | . . . . Repair Stations . | . . . . Recycling Units . | . . . . Scanalyzers . | . . . . Garrison Access . | . . . . Total Hacks . | . . . . Successful . | . . . . Failed . | . . . . Catastrophic . | . . . . Database Lockouts . | . . . . Manual . | . . . . Terminals . | . . . . Fabricators . | . . . . Repair Stations . | . . . . Recycling Units . | . . . . Scanalyzers . | . . . . Garrison Access . | . . . . Terminal Hacks . | . . . . Fabricator Hacks . | . . . . Repair Station Hacks . | . . . . Recycling Unit Hacks . | . . . . Scanalyzer . | . . . . Garrison Access Hacks . | . . . . Unauthorized Hacks . | . . . . Terminals . | . . . . Fabricators . | . . . . Repair Stations . | . . . . Recycling Units . | . . . . Scanalyzers . | . . . . Garrison Access . | . . . . Data Cores Recovered . | . . . . Used . | . . . . Hacking Detections . | . . . . Full Trace Events . | . . . . Feedback Events . | . . . . Feedback Blocked . | . . . . Robot Schematics Acquired . | . . . . Robots Built . | . . . . Authchips . | . . . . Time . | . . . . Total Robot Build Rating . | . . . . Part Schematics Acquired . | . . . . Parts Built . | . . . . Authchips . | . . . . Time . | . . . . Total Part Build Rating . | . . . . Part Studies Acquired . | . . . . Parts Repaired . | . . . . Time . | . . . . Parts Recycled . | . . . . Recycled Matter . | . . . . Retrieved Matter . | . . . . Retrieved Components . | . . . . Parts Scanalyzed . | . . . . Part Schematics Acquired . | . . . . Parts Damaged . | . . . . Bothacking | -11 -10 -10 -9 ------------ Run | Yrd Mat Min Mat Used RIF Installer . | . . . . Robots Hacked . | . . . . Non-combat . | . . . . Combat . | . . . . Robot Hacks Applied . | . . . . Relay Couplers Released . | . . . . Fabnet Peak Effective % . | . . . . Robots Rewired . | . . . . Allies Hacked . | . . . . Hacks Repelled . | . . . . Allies | -11 -10 -10 -9 -------- Run | Yrd Mat Min Mat Total Allies . | . . . . Largest Group . | . . . . Highest-Rated Group . | . . . . Highest-Rated Ally . | . . . . Total Orders . | . . . . Ally Attacks . | . . . . Total Damage . | . . . . Kills . | . . . . Allies Corrupted . | . . . . Allies Melted . | . . . . Intel | -11 -10 -10 -9 ------- Run | Yrd Mat Min Mat Active Infowar (turns) 149 | 29 45 . 75 Seismic 149 | 29 45 . 75 Robot Analysis Total . | . . . . Derelict Logs Recovered 1 | . . 1 . Drone Launches . | . . . . Drone Recoveries . | . . . . Exploration | -11 -10 -10 -9 ------------- Run | Yrd Mat Min Mat Turns Passed 490 | 75 208 129 78 Spaces Moved 388 | 65 167 112 44 Core 9 | 9 . . . Treads . | . . . . Legs . | . . . . Wheels 379 | 56 167 112 44 Hover . | . . . . Flight . | . . . . Fastest Speed 50 | 50 80 90 80 Average Speed 91 | 84 94 90 88 Slowest Speed 95 | 95 95 90 90 Overloaded Moves . | . . . . Propulsion Burnouts . | . . . . Robots Hopped . | . . . . Potential Cave-ins . | . . . . Cave-ins Triggered . | . . . . Exploration Rate (%) 19 | 4 37 29 6 Regions Visited 3 Branch Regions 1 Pre-discovered Areas . | . . . . Known Exits Taken 1 | . . 1 . Unknown Exits Taken 2 | 1 1 . . Scrap Searched 1 | . . 1 . Spaces Dug . | . . . . Terrain Destroyed . | . . . . Melee . | . . . . Projectile . | . . . . AOE . | . . . . Terrain Rammed . | . . . . Walls Destroyed . | . . . . Machines Disabled . | . . . . Actions | -11 -10 -10 -9 --------- Run | Yrd Mat Min Mat Total 469 | 81 201 122 65 Wait . | . . . . Move 385 | 64 166 111 44 Hop . | . . . . Pick Up 17 | 9 3 1 4 Fast Attach 9 | 3 5 . 1 Attach 9 | 4 1 1 3 Detach 7 | . 6 . 1 Swap 2 | . 1 . 1 Drop 11 | . 9 . 2 Fire 29 | 1 10 9 9 Melee . | . . . . Ram . | . . . . Kick . | . . . . Crush . | . . . . Escape Stasis . | . . . . Rewire . | . . . . Trap . | . . . . Miscellaneous . | . . . . Route ------- -11/Scrapyard -10/Materials -10/Mines -9/Materials History --------- Turn | Location | Event 15 | -11/Scrapyard | Discovered new exit (range 15) 76 | -11/Scrapyard | Entered Materials 269 | -10/Materials | Discovered new exit (range 3) 284 | -10/Materials | Entered Mines 305 | -10/Mines | Build established: Mutant 315 | -10/Mines | Identified exit to Materials 326 | -10/Mines | YI-UF0 nonchalantly dropped a Grenade Launcher on the ground 375 | -10/Mines | Found a hidden stash of uninstalled traps 413 | -10/Mines | Entered Materials 413 | -9/Materials | Evolved 2 slots: Utility x2 491 | -9/Materials | Self-destructed Last Messages --------------- 00402_ T-07 Excavator suffers critical hit (Burn). 00409_ Acquired 10 matter. PARAMETERS=UTILITY+2 LOCATION=MATERIALS GOAL=ESCAPE 00415_ Discarded Signal Interpreter. 00423_ Dropped Lgt. Ion Engine. 00425_ Acquired Ion Engine. 00431_ Destroyed Hover Unit. 00434_ W-16 Scout destroyed. 00438_ Electrolysis Chamber disabled. 00453_ K-01 Serf collects debris. 00466_ Imp. Terrain Scanner melted. 00466_ T-07 Excavator destroyed. 00472_ Acquired 21 matter. 00474_ Acquired Mining Laser. 00478_ Com. Wheel destroyed. 00486_ Weight Redist. System destroyed. 00487_ Acquired Wheel. 00490_ R-06 Scavenger collects Seismic Detector. Map ----- +----------------------------------------------------+ | ?????????????????????????????????????????????????? | | ?????????????????????????????????????????????????? | | ?????????????? ??????????????????????????????????? | | ???#########? #?????????????????????????????????? | | ???# ? #?????????????????????????????????? | | ???# ^ #?????????????????????????????????? | | ???# ^ T #?????????????????????????????????? | | ???# #?????????????????????????????????? | | ???# #?????????????????????????????????? | | ???# """ #?????????????? ????????????????? | | ???# """ #?????????????? ????????????????? | | ???# "" #?????????????? ????????????????? | | ???# +?????????????# +???????????????? | | ???# #?????????????# #???????????????? | | ???# [ ! #?????????????# #???????????????? | | ???# [ ! #?????????????? ????????????????? | | ???# *! %#?????????????? ????????????????? | | ???# * =#?????????????? ????????????????? | | ???# #?????????????? ????????????????? | | ???# ###+####?????????????? ????????????????? | | ???# # #?????????????? ????????????????? | | ???# # #??????????????# #????????????????? | | ???# #""" #??????????????# #????????????????? | | ???######"R #??????????????# #????????????????? | | ????????#""" ################ #????????????????? | | ????????# /w mY @ r #????????????????? | | ????????#########################????????????????? | | ?????????????????????????????????????????????????? | | ?????????????????????????????????????????????????? | | ?????????????????????????????????????????????????? | | ?????????????????????????????????????????????????? | | ?????????????????????????????????????????????????? | | ?????????????????????????????????????????????????? | | ?????????????????????????????????????????????????? | | | | | | | | | | | | | | | | | | | | | | | | | | | | | | | | | +----------------------------------------------------+ Best States ------------- Heat Dissipation 38 Energy Generation 10 Energy Capacity 250 Matter Stores 300 Matter Capacity 300 Sight Range 16 Terrain Scan Density 10 Additional Mass Support 6 Evasion (%) 44 Targeting Accuracy 6 Recoil Reduction 1 Item Schematics ----------------- None Robot Schematics ------------------ None Fabricated ------------ Nothing Repaired ---------- Nothing Studied --------- None Alien Tech Used ----------------- None Achievements -------------- None Challenges ------------ None Game ------ Seed RingSwordShockpuncher Manual? 0 Play Time 00:09:18 Cumulative 67.0 hours Start 2025.10.26 @ 02:25:14 End 2025.10.26 @ 02:33:11 Sessions 1 Manual Loads 0 Difficulty Rogue Special Mode None Game No. 85 Rogue 85 Adventurer 0 Explorer 0 Win Type - Total 0 Types 0/0/0/0/0/0/0/0/0/0 Lore% 16 Gallery% 36 Achievement% 18 Wizard Run 0 Options --------- Layout 0 ASCII 0 Keyboard 0 Movement Mouse Keybinds 0 Fullscreen 1 Font 24/Smallcaps Map View 76x50 Zoom Use 0% Tactical HUD 1 Map Filters NONE Filters NONE Steam 1 RUN: 72bb81b9-3ac9-4749-b98e-fd9ae7b123d2